 Dungeon Crawl Stone Soup version 0.32-a0-675-gdc239d62e1 (webtiles) character file.

Game seed: 7397433706110664065

114 Fodor the Covered (level 4, 0/40 HPs)
             Began as a Minotaur Fighter on Mar 11, 2024.
             Slain by Maggie
             ... wielding a +1 scimitar of flaming
              (2 damage)
             ... on level 6 of the Dungeon.
             The game lasted 00:06:29 (2111 turns).

Fodor the Covered (Minotaur Fighter)                Turns: 2111, Time: 00:06:32

Health: 0/40       AC:  9    Str: 21    XL:     4   Next: 66%
Magic:  0/3        EV:  8    Int:  5    God:
Gold:   118        SH:  4    Dex: 11    Spells: 3/3 levels left

rFire   . . .        a - +0 war axe
rCold   + . .        c - +0 buckler
rNeg    . . .        b - +0 chain mail
rPois   .            (helmet restricted)
rElec   .            (no cloak)
rCorr   .            (no gloves)
SInv    .            (no boots)
Will    .....        k - amulet of guardian spirit Stlth
                     r - ring of protection from cold
HPRegen 0.26/turn    (no ring)
MPRegen 0.08/turn

%: guardian spirit
@: mesmerised
A: horns 2, retaliatory headbutt
a: no special abilities


You were on level 6 of the Dungeon.
You visited 1 branch of the dungeon, and saw 4 of its levels.

You collected 118 gold pieces.

Inventory:

Hand Weapons
 a - a +0 war axe (weapon)
Missiles
 l - 4 boomerangs (quivered)
Armour
 b - a +0 chain mail (worn)
 c - a +0 buckler (worn)
Jewellery
 k - an amulet of guardian spirit (around neck)
 n - an amulet of the acrobat
 r - a ring of protection from cold (left hand)
Talismans
 o - a blade talisman
 s - a talisman of death
Scrolls
 e - a scroll of blinking {unknown}
 f - 2 scrolls of identify {unknown}
 g - a scroll of immolation
 i - 2 scrolls of noise {unknown}
 j - a scroll of fear {unknown}
 m - a scroll of teleportation {unknown}
 p - a scroll of amnesia {unknown}
 q - a scroll of fog {unknown}
 u - a scroll of enchant weapon {unknown}
Potions
 d - a potion of might
 h - a potion of lignification {unknown}
 t - a potion of brilliance {unknown}
 v - a potion of enlightenment {unknown}


   Skills:
 + Level 4.1 Fighting
 + Level 3.8 Axes
 + Level 1.7 Throwing
 + Level 4.2 Armour
 + Level 0.2 Dodging
 + Level 0.3 Stealth
 + Level 4.2 Shields


You had 3 spell levels left.
You didn't know any spells.
Your spell library contained the following spells:

 Spells                   Type           Power      Damage    Failure   Level
 Shock                    Conj/Air       0%         1d3       99%         1
 Static Discharge         Conj/Air       0%         3-3/arc   100%        2
 Vhi's Electric Charge    Tloc/Air       0%         N/A       100%        4
 Silence                  Hex/Air        0%         N/A       100%        5


Dungeon Overview and Level Annotations

Branches:
Dungeon (3/15)

Altars:
Hepliaklqana
Vehumet

Annotations:
D:6 Maggie


Innate Abilities, Weirdness & Mutations

You have a pair of horns on your head.
You reflexively headbutt those who attack you in melee.


Message History

The orc is severely wounded.
The orc hits you but does no damage. x2
You slash the orc!
You kill the orc!
You barely miss Maggie.
The teleport trap disappears.
The iguana disappears!
Maggie hits you with a +1 scimitar of flaming!
Maggie burns you.
You slash Maggie! Your headbutt misses Maggie.
Maggie is moderately wounded.
Maggie hits you but does no damage. Maggie gestures at you while chanting.
The bolt of fire hits you!
You hit Maggie but do no damage.
Maggie is moderately wounded.
Maggie mumbles some strange words.
Maggie attempts to bespell you! You resist with some effort.
You hit Maggie but do no damage.
Maggie is moderately wounded.
Maggie hits you with a +1 scimitar of flaming.
* * * LOW HITPOINT WARNING * * *
Maggie burns you.
* * * LOW HITPOINT WARNING * * *
Maggie hits you with a +1 scimitar of flaming.
* * * LOW HITPOINT WARNING * * *
Maggie burns you.
* * * LOW HITPOINT WARNING * * *
You hit Maggie.
Maggie is moderately wounded.
Maggie mumbles some strange words.
Maggie attempts to bespell you!
You are mesmerised by Maggie!
Unknown command.
Unknown command.
As you read the scroll labelled HOLIAKKOITA, it crumbles to dust.
The creatures around you are filled with an inner flame!
It was a scroll of immolation.
Maggie hits you with a +1 scimitar of flaming.
* * * LOW HITPOINT WARNING * * *
Maggie burns you.
You die...

#######...
#........
#....... +.....l
..... #..#
##########
###.####.........
#......@@........
#.####.####......
...# ..... .....
..##.#...@.?.#
..## ...
#.#.......# ## ..
#....._...^. #
..#.......#..
..#.......#..


You could see Maggie (mesmerising, inner flame).

Vanquished Creatures
  Natasha (D:2)
  An adder (D:2)
  A dart slug (D:1)
  2 ribbon worms (D:2)
  An orc (D:6)
  3 endoplasms (D:1)
  3 giant cockroaches
  3 goblins (D:1)
  5 hobgoblins
  2 jackals (D:3)
  9 kobolds
  5 quokkas
  6 ball pythons
  8 bats
  24 rats
74 creatures vanquished.

Notes
Turn   | Place    | Note
-------+----------+-------------------------------------------
     0 | D:1      | Fodor the Minotaur Fighter began the quest for the Orb.
     0 | D:1      | Reached XP level 1. HP: 19/19 MP: 0/0
    23 | D:1      | Got the Vademecum on Galvanic Doom
    73 | D:1      | Reached XP level 2. HP: 25/27 MP: 1/1
   756 | D:2      | Reached XP level 3. HP: 33/33 MP: 2/2
  1323 | D:2      | Noticed Natasha
  1329 | D:2      | Killed Natasha
  1330 | D:2      | Reached skill level 1 in Throwing
  1330 | D:2      | Reached XP level 4. HP: 31/40 MP: 3/3
  1862 | D:3      | Found a hazy altar of Hepliaklqana.
  2094 | D:3      | You fall into a shaft and drop 3 floors!
  2098 | D:6      | Found a radiant altar of Vehumet.
  2098 | D:6      | Noticed Maggie
  2111 | D:6      | HP: 2/40 [Maggie/+1 scimitar of flaming (3)]
  2111 | D:6      | Slain by Maggie

Illustrated notes

Levels and vault maps discovered:
D:1:      psy_arrival_basics, layout_loops_ring
D:2:      layout_basic, uniq_natasha
D:3:      layout_basic, old_standard_altar, serial_curves, eino_curves_02,
          eino_curves_01, corexii_leaking_fountain, minmay_rat_hole, uniq_ijyb
D:6:      layout_basic, lemuel_tele_altar, serial_shops,
          nicolae_shop_hallway_plus, uniq_maggie

Skill      XL: |  1  2  3 |
---------------+----------+-----
Shields        | 4 |  4.2
Axes           | 3 |  3.8
Fighting       | 4 |  4.1
Armour         | 4 |  4.2
Throwing       | 1 |  1.7
Dodging        | |  0.2
Stealth        | |  0.3

Action                     |  1- 3 |  4- 6 || total
---------------------------+-------+-------++-------
  Melee: War axe           |    63 |    54 ||   117
         Headbutt          |     7 |     7 ||    14
  Throw: Boomerang         |    38 |     4 ||    42
    Use: Scroll            |       |     1 ||     1
 Armour: Scale mail        |    26 |       ||    26
         Chain mail        |    26 |    39 ||    65
  Dodge: Dodged            |    38 |    33 ||    71
  Block: Buckler           |    22 |    19 ||    41

Table legend: (Time is in decaauts)
 A = Elapsed time spent in this place.
 B = Non-inter-level travel time spent in this place.
 C = Inter-level travel time spent in this place.
 D = Time resting spent in this place.
 E = Time spent auto-exploring this place.
 F = Levels seen in this place.
 G = Mean time per level.
                   A        B        C        D        E       F      G
               +--------+--------+--------+--------+--------+-----+--------+
         Total |   2168 |   2102 |     66 |      0 |   1387 |   4 |  542.0 |
       Dungeon |   2168 |   2102 |     66 |      0 |   1387 |   4 |  542.0 |
               +--------+--------+--------+--------+--------+-----+--------+

Top non-repeatable levels by time:
     D:2: 988 daAuts
     D:1: 774 daAuts
     D:3: 386 daAuts
     D:6: 19 daAuts
